 Dungeon Crawl Stone Soup version 0.29.1-1-gd02db6906a (webtiles) character file.

Game seed: 7826341816233443550

801 warriortoast the Magician (level 7, -3/36 HPs)
             Began as a Deep Elf Fire Elementalist on Sept 21, 2022.
             Killed by divine providence
             ... invoked by an orc priest
              (15 damage)
             ... on level 5 of the Dungeon on Sept 22, 2022.
             The game lasted 00:13:58 (5778 turns).

warriortoast the Magician (DEFE)                    Turns: 5778, Time: 00:13:58

Health: -3/36      AC:  3    Str:  5    XL:     7   Next: 59%
Magic:  1/19       EV: 13    Int: 22    God:
Gold:   129        SH:  0    Dex: 15    Spells: 17/20 levels left

rFire   . . .      SeeInvis .   (no weapon)
rCold   . . .      Faith    .   (no shield)
rNeg    . . .      Spirit   .   a - +0 robe
rPois   .          Reflect  .   (no helmet)
rElec   .          Harm     .   (no cloak)
rCorr   .          Rampage  .   (no gloves)
Will    .....                   m - +0 pair of boots
Stlth   ++........              (no amulet)
HPRegen 0.12/turn               (no ring)
MPRegen 0.16/turn               (no ring)

@: no status effects
A: no striking features
a: no special abilities


You were on level 5 of the Dungeon.
You visited 2 branches of the dungeon, and saw 6 of its levels.

You collected 129 gold pieces.

Inventory:

Hand Weapons
 w - a +1 hand axe of freezing
Armour
 a - a +0 robe (worn)
 j - a +0 kite shield
 m - a +0 pair of boots (worn)
Jewellery
 c - a ring of poison resistance
 o - a ring of see invisible
Wands
 q - a wand of paralysis (12)
 r - a wand of quicksilver (7)
 s - a wand of roots (7)
Scrolls
 d - a scroll of enchant weapon {unknown}
 f - a scroll of teleportation
 i - 3 scrolls of identify {unknown}
 n - 2 scrolls of immolation {unknown}
 p - a scroll of amnesia {unknown}
Potions
 b - a potion of magic
 g - 2 potions of heal wounds {unknown}
 h - a potion of lignification {unknown}
 k - a potion of might {unknown}
 l - 4 potions of cancellation {unknown}
 t - 2 potions of mutation {unknown}
 u - a potion of brilliance {unknown}
 v - a potion of degeneration {unknown}


   Skills:
 - Level 2.7 Dodging
 - Level 2.8 Stealth
 + Level 7.0 Spellcasting
 + Level 5.2 Conjurations
 + Level 6.2 Fire Magic


You had 17 spell levels left.
You knew the following spells:

 Your Spells              Type           Power      Damage    Failure   Level
a - Foxfire               Conj/Fire      100%       2x1d9     1%          1
b - Scorch                Fire           70%        2d9       1%          2

Your spell library contained the following spells:

 Spells                   Type           Power      Damage    Failure   Level
 Conjure Flame            Conj/Fire      33%        6-21      2%          3
 Inner Flame              Hex/Fire       21%        N/A       7%          3
 Flame Wave               Conj/Fire      33%        2d10      8%          4
 Dazzling Flash           Conj/Hex       38%        N/A       9%          3
 Gell's Gravitas          Tloc           7%         N/A       24%         3
 Lesser Beckoning         Tloc           7%         N/A       24%         3
 Teleport Other           Tloc           7%         N/A       24%         3
 Agony                    Necr           7%         N/A       92%         5
 Alistair's Intoxication  Tmut/Pois      4%         N/A       92%         5
 Borgnjor's Vile Clutch   Necr/Erth      3%         N/A       92%         5
 Silence                  Hex/Air        3%         N/A       92%         5
 Eringya's Noxious Bog    Tmut/Pois      3%         N/A       100%        6


Dungeon Overview and Level Annotations

Branches:
Dungeon (5/15)             Temple (1/1) D:5

Altars:
Cheibriados
Dithmenos
Elyvilon
Fedhas
Makhleb
Okawaru
Sif Muna
Trog
Uskayaw
Xom
Yredelemnul
Zin
The Shining One

Shops:
D:1 *


Message History

You hear the slow hiss of a very distant avalanche of sand.
Unknown command.
There is a stone staircase leading up here.
Found a scroll labelled ETUSUT HYCVULA.
d - a scroll labelled ETUSUT HYCVULA An orc comes into view.
It is wielding a +0 whip.
An orc priest comes into view. It is wielding a +0 war axe.
You conjure some foxfire!
The orc priest shouts!
The orc shouts!
Casting: Foxfire (safe; 1% risk of failure)
Confirm with . or Enter, or press ? or * to list all spells.
Flames lash the orc.
You kill the orc!
You hear a shout!
The foxfire hits the orc priest but does no damage.
The orc priest mumbles some strange prayers to Beogh against you.
You struggle to resist.
Casting: Scorch (safe; 1% risk of failure)
Confirm with . or Enter, or press ? or * to list all spells.
Flames lash the orc priest.
The orc priest is heavily wounded.
The orc priest's fire resistance burns away.
An orc comes into view.
It is wielding a +2 short sword of electrocution.
The orc priest calls down the wrath of Beogh upon you.
Beogh smites you!
Casting: Scorch (safe; 1% risk of failure)
Confirm with . or Enter, or press ? or * to list all spells.
Flames lash the orc priest.
The orc priest is heavily wounded.
You conjure some foxfire!
The orc priest hits you with a +0 war axe!
The orc priest hits your foxfire with a +0 war axe.
Your foxfire dissipates!
The foxfire hits the orc priest but does no damage.
The orc priest is heavily wounded.
The orc priest attacks as you move away!
The orc priest hits you with a +0 war axe.
The orc priest calls down the wrath of Beogh upon you.
Beogh smites you!
You die...

.# .# . # ..
#. ##. #.
#...#o# .....
#.o########
#..o.@....#
#...#######.#
#.# #.# # #.#
#.# ####.#
.######..<.#
.........###
#######..#


You could see an orc priest (combustible) and an orc.

Vanquished Creatures
  Menkaure (D:4)
  A water moccasin (D:5)
  A scorpion (D:4)
  3 hounds
  An orc priest (D:4)
  A jelly (D:4)
  Natasha (thrice) (D:3)
  2 orc wizards
  Robin (D:3)
  11 adders
  A shadow imp (D:5)
  An ufetubus (D:5)
  3 worms
  2 dart slugs (D:4)
  13 orcs
  10 endoplasms
  9 goblins
  10 hobgoblins
  3 jackals (D:3)
  10 kobolds
  3 quokkas
  8 ball pythons
  8 bats
  2 frilled lizards
  4 rats
112 creatures vanquished.

Vanquished Creatures (collateral kills)
  3 foxfires (D:1)
3 creatures vanquished.

Vanquished Creatures (others)
  A demonic plant (D:1)
  382 foxfires
  A fungus (D:1)
  A plant (D:1)
385 creatures vanquished.

Grand Total: 500 creatures vanquished

Notes
Turn   | Place    | Note
-------+----------+-------------------------------------------
     0 | D:1      | warriortoast the Deep Elf Fire Elementalist began the quest
                  | for the Orb.
     0 | D:1      | Reached XP level 1. HP: 10/10 MP: 6/6
   177 | D:1      | Found Byig's General Store.
   364 | D:1      | Reached XP level 2. HP: 15/15 MP: 2/8
   794 | D:1      | Found a faded altar of an unknown god.
  1514 | D:2      | Reached XP level 3. HP: 19/19 MP: 6/10
  2040 | D:2      | Learned a level 2 spell: Scorch
  2250 | D:2      | Reached skill level 4 in Spellcasting
  2681 | D:3      | Reached XP level 4. HP: 24/24 MP: 8/12
  2794 | D:3      | Noticed Robin
  3008 | D:3      | Killed Robin
  3463 | D:3      | Noticed Natasha
  3471 | D:3      | Killed Natasha
  3472 | D:3      | Reached XP level 5. HP: 16/28 MP: 3/14
  3765 | D:3      | Noticed Natasha
  3784 | D:3      | Killed Natasha
  3930 | D:3      | Noticed Natasha
  3934 | D:3      | Killed Natasha
  3935 | D:3      | Reached skill level 5 in Spellcasting
  4684 | D:4      | Reached skill level 5 in Fire Magic
  4684 | D:4      | Reached XP level 6. HP: 31/32 MP: 12/16
  4842 | D:4      | Found a glowing golden altar of the Shining One.
  4842 | D:4      | Found a glowing silver altar of Zin.
  4842 | D:4      | Found a white marble altar of Elyvilon.
  5014 | D:4      | Found a shimmering blue altar of Sif Muna.
  5175 | D:4      | Noticed Menkaure
  5183 | D:4      | Killed Menkaure
  5184 | D:4      | Reached skill level 6 in Spellcasting
  5184 | D:4      | Reached XP level 7. HP: 19/36 MP: 8/18
  5325 | D:4      | Found an iron altar of Okawaru.
  5620 | D:5      | Entered Level 5 of the Dungeon
  5628 | D:5      | Found a staircase to the Ecumenical Temple.
  5635 | Temple   | Entered the Ecumenical Temple
  5743 | D:5      | Reached skill level 5 in Conjurations
  5748 | D:5      | Reached skill level 7 in Spellcasting
  5778 | D:5      | Killed from afar by an orc priest

Illustrated notes

Levels and vault maps discovered:
D:1:      tarquinn_simple_flora_water_b, layout_basic, serial_shops,
          nicolae_square_shop, serial_aquarium, aquarium_bridge_island_large
          [aquarium_subvault_large_water, aquarium_subvault_wall,
          aquarium_subvault_window, aquarium_subvault_bridge,
          aquarium_subvault_wall], aquarium_window_fake, aquarium_window_corner,
          aquarium_window_2, aquarium_window_corner, aquarium_view_2b,
          aquarium_view_2a, aquarium_pool_2, shapermc_ecumenical_altar_gd
D:2:      layout_basic
D:3:      layout_basic, uniq_robin, uniq_natasha
D:4:      layout_cave_pools, good_gods_mini_temple, general_overflow_altar,
          okawaru_trees_1, uniq_menkaure
D:5:      layout_loops_ring, nzn_wu_jian_contemplation,
          mainiacjoe_overflow_surrounded_room, minmay_temple_entry_hall,
          serial_shops, nicolae_lakefront_shop, enter_ossuary_1,
          cheibrodos_sewer_entry_bend, dreamdust_princess_corridor
Temple:   nicolae_temple_two_arcs

Skill      XL: |  1  2  3  4  5  6  7 |
---------------+----------------------+-----
Conjurations   | 2 3 4 5 |  5.2
Spellcasting   | 4 5 6 7 |  7.0
Fire Magic     | 4 5 6 |  6.2
Dodging        | |  2.7
Stealth        | |  2.8

Action                   |  1- 3 |  4- 6 |  7- 9 || total
-------------------------+-------+-------+-------++-------
 Cast: Foxfire           |   101 |   114 |    25 ||   240
       Scorch            |     2 |    36 |    14 ||    52
  Use: Scroll            |       |       |     3 ||     3
Armor: Robe              |     2 |     1 |     3 ||     6
Dodge: Dodged            |     5 |    12 |     4 ||    21
